 Dungeon Crawl Stone Soup version 0.29.0-4-gdea44cf6ec (webtiles) character file.

Game seed: 112315813532423735

1286 Lochraine the Skirmisher (level 8, -1/48 HPs)
             Began as a Kobold Hunter on Aug 26, 2022.
             Was an Elder of Nemelex Xobeh.
             Slain by an ogre
             ... wielding a +0 giant club
              (24 damage)
             ... on level 6 of the Dungeon.
             The game lasted 00:18:46 (5570 turns).

Lochraine the Skirmisher (Kobold Hunter)            Turns: 5570, Time: 00:18:47

Health: -1/48      AC: 14    Str:  3    XL:     8   Next: 85%
Magic:  11/11      EV: 11    Int: 11    God:    Nemelex Xobeh [****..]
Gold:   223        SH:  0    Dex: 20    Spells: 7/7 levels left

rFire   x . .      SeeInvis .   b - +2 falchion (elec)
rCold   . . .      Faith    .   (no shield)
rNeg    + + .      Spirit   .   e - +0 ring mail
rPois   +          Reflect  .   v - +0 helmet
rElec   .          Harm     .   (no cloak)
rCorr   .          Rampage  .   (no gloves)
Will    .....                   (no boots)
Stlth   +++.......              z - amulet of Elemental Vulnerability {rPois rF-- rC-- AC+8}
HPRegen 0.16/turn               C - ring "Joteott" {rF+ rC++ rN++ Str-5}
MPRegen 0.12/turn               (no ring)

@: no status effects
A: small, no large weapons, nightstalker 3
a: Renounce Religion, Draw Escape, Draw Destruction, Draw Summoning, Triple
Draw, Deal Four


You were on level 6 of the Dungeon.
You worshipped Nemelex Xobeh.
Nemelex Xobeh was greatly pleased with you.
You visited 1 branch of the dungeon, and saw 6 of its levels.

You collected 223 gold pieces.

Inventory:

Hand Weapons
 a - a +0 shortbow
 b - a +2 falchion of electrocution (weapon)
Armour
 c - a +0 leather armour
 e - a +0 ring mail (worn)
 v - a +0 helmet (worn)
Magical Staves
 t - a staff of death
Jewellery
 y - a ring of fire
 z - the amulet of Elemental Vulnerability (around neck) {rPois rF-- rC-- AC+8}
   (You found it on level 4 of the Dungeon)

   [amulet of nothing]

   AC:        It affects your AC (+8).
   rF:        It makes you very vulnerable to fire.
   rC:        It makes you very vulnerable to cold.
   rPois:     It protects you from poison.
 C - the ring "Joteott" (left hand) {rF+ rC++ rN++ Str-5}
   (You found it on level 5 of the Dungeon)

   [ring of protection from fire]

   Str:       It affects your strength (-5).
   rF:        It protects you from fire.
   rC:        It greatly protects you from cold.
   rN:        It greatly protects you from negative energy.
 G - a ring of fire
Wands
 o - a wand of acid (1)
Scrolls
 f - 2 scrolls of amnesia
 g - a scroll of fear
 h - 2 scrolls of silence {unknown}
 j - a scroll of enchant weapon {unknown}
 n - a scroll of identify
 q - a scroll of teleportation {unknown}
 u - 2 scrolls of magic mapping
 x - a scroll of poison {unknown}
 B - 3 scrolls of immolation
 E - a scroll of summoning {unknown}
Potions
 d - 2 potions of lignification
 i - a potion of heal wounds
 k - 3 potions of curing
 l - a potion of degeneration {unknown}
 m - a potion of invisibility
 p - 2 potions of brilliance {unknown}
 r - a potion of cancellation {unknown}
 s - 2 potions of berserk rage
 w - a potion of flight {unknown}
 A - a potion of attraction {unknown}
 D - 4 potions of haste {unknown}
 F - a potion of might {unknown}


   Skills:
 + Level 4.7 Fighting
 * Level 2.0(2.4) Short Blades
 - Level 1.0(1.3) Long Blades
 - Level 10.1 Ranged Weapons
 - Level 2.4 Armour
 + Level 3.7 Dodging
 + Level 1.9 Stealth
 * Level 4.5 Invocations
 + Level 0.1 Evocations


You had 7 spell levels left.
You didn't know any spells.
Your spell library contained the following spells:

 Spells                   Type           Power      Damage    Failure   Level
 Blink                    Tloc           0%         N/A       98%         2
 Lesser Beckoning         Tloc           0%         N/A       100%        3
 Ozocubu's Armour         Ice            0%         N/A       100%        3
 Manifold Assault         Tloc           0%         N/A       100%        5
 Metabolic Englaciation   Hex/Ice        0%         N/A       100%        5
 Simulacrum               Ice/Necr       0%         N/A       100%        6


Dungeon Overview and Level Annotations

Branches:
Dungeon (6/15)
 Temple: D:4-7

Altars:
Nemelex Xobeh
Sif Muna


Innate Abilities, Weirdness & Mutations

You are small and have problems with some larger weapons.
You are completely attuned to the shadows.


Message History

Your +2 falchion of electrocution stops crackling.
a - a +0 shortbow (weapon)
HP restored.
E - a scroll labelled DOOK DUMECS
F - a metallic orange potion
G - a ring of fire
Found a stone staircase leading down.
You open the door.
Found a sparkling altar of Nemelex Xobeh.
There is an open door here.
There is an open door here.
You open the door.
An ogre comes into view. It is wielding a +0 giant club.
The ogre shouts!
You shoot an arrow. The arrow completely misses the ogre.
The ogre hits you with a +0 giant club.
You hear the crackle of electricity.
b - a +2 falchion of electrocution (weapon)
You completely miss the ogre. The ogre hits you with a +0 giant club!
You hit the ogre. Lightning courses through the ogre!
The ogre is moderately wounded.
The ogre barely misses you.
You draw a card...
You have drawn the Storm.
A fierce wind blows from the card.
You hear mighty peals of thunder!
You hear an angry hiss.
You draw a card...
You have drawn the Elixir.
You begin rapidly regenerating health and magic.
The ogre hits you with a +0 giant club!!
* * * LOW HITPOINT WARNING * * *
The ogre attacks as you move away! The ogre closely misses you.
Okay, then.
The ogre barely misses you. The ogre attacks as you move away!
The ogre misses you.
There is a stone staircase leading up here.
The ogre attacks as you move away! The ogre hits you with a +0 giant club.
The ogre attacks as you move away!
The ogre hits you with a +0 giant club!!
Ouch! That really hurt!
You die...
Your body glows slightly and disappears.

#####....##......##
#..##....##......##
...##...#.###.....####.
#.###..#..###.........#
#.###.#...##......####.
....##....##...<.##
....##....###...## ###
...#..#...# ###O## ##.#
..#....#..# #.@####.##
.#......#.# ##.##..##
#........## ##..###
#################..#
###...............##
#...#.......
#.....#####
...###.....#
###.....#.# ...#
#..>..# ##......## ...#
##....# ##.......##


You could see an ogre.

Vanquished Creatures
  A steam dragon (D:6)
  A black bear (D:5)
  A phantom (D:4)
  2 bullfrogs
  2 scorpions
  A killer bee (D:5)
  2 howler monkeys (D:5)
  A jelly (D:5)
  2 hounds (D:5)
  Jessica (D:3)
  2 iguanas (D:5)
  12 adders
  An ufetubus (D:4)
  4 worms (D:3)
  3 dart slugs
  11 orcs
  10 endoplasms
  6 giant cockroaches
  8 goblins
  7 hobgoblins
  4 kobolds
  2 quokkas
  9 ball pythons
  8 bats
  2 frilled lizards
  2 rats (D:1)
105 creatures vanquished.

Vanquished Creatures (collateral kills)
  Eustachio (D:5)
  A centaur (D:5)
2 creatures vanquished.

Grand Total: 107 creatures vanquished

Notes
Turn   | Place    | Note
-------+----------+-------------------------------------------
     0 | D:1      | Lochraine the Kobold Hunter began the quest for the Orb.
     0 | D:1      | Reached XP level 1. HP: 12/12 MP: 1/1
    78 | D:1      | Found a faded altar of an unknown god.
    84 | D:1      | Prayed at the altar of an unknown god.
    84 | D:1      | Became a worshipper of Nemelex Xobeh the Trickster
    84 | D:1      | Reached * piety under Nemelex Xobeh
    99 | D:1      | Received a gift from Nemelex Xobeh
   134 | D:1      | Reached XP level 2. HP: 18/18 MP: 2/2
   555 | D:2      | Reached skill level 6 in Ranged Weapons
   555 | D:2      | Reached XP level 3. HP: 17/22 MP: 3/3
   640 | D:2      | Reached ** piety under Nemelex Xobeh
   645 | D:2      | Identified the +2 robe "Jaizov" {+Inv rPois rCorr Dex-5}
  1200 | D:2      | Reached XP level 4. HP: 27/27 MP: 4/4
  1452 | D:2      | Received a gift from Nemelex Xobeh
  1774 | D:3      | Reached skill level 1 in Armour
  2087 | D:3      | Noticed Jessica
  2090 | D:3      | Killed Jessica
  2091 | D:3      | Reached skill level 7 in Ranged Weapons
  2091 | D:3      | Reached skill level 1 in Invocations
  2091 | D:3      | Reached XP level 5. HP: 32/32 MP: 5/5
  2605 | D:4      | Found a shimmering blue altar of Sif Muna.
  2738 | D:4      | Reached *** piety under Nemelex Xobeh
  2770 | D:4      | Reached XP level 6. HP: 19/37 MP: 5/7
  3098 | D:4      | Reached skill level 8 in Ranged Weapons
  3178 | D:4      | Found the amulet of Elemental Vulnerability {rPois rF--
                  | rC-- AC+8}
  3474 | D:5      | Entered Level 5 of the Dungeon
  3571 | D:5      | Reached XP level 7. HP: 22/41 MP: 8/8
  3862 | D:5      | Noticed a two-headed ogre
  3912 | D:5      | Received a gift from Nemelex Xobeh
  4002 | D:5      | Noticed Eustachio
  4007 | D:5      | Killed Eustachio
  4008 | D:5      | Reached skill level 9 in Ranged Weapons
  4016 | D:5      | Reached XP level 8. HP: 41/48 MP: 10/10
  4085 | D:5      | Identified the ring "Joteott" {rF+ rC++ rN++ Str-5}
  4200 | D:5      | Reached skill level 1 in Long Blades
  4200 | D:5      | Reached skill level 10 in Ranged Weapons
  4565 | D:5      | Received a gift from Nemelex Xobeh
  4872 | D:6      | Reached **** piety under Nemelex Xobeh
  5095 | D:6      | Received a gift from Nemelex Xobeh
  5160 | D:6      | Reached skill level 1 in Short Blades
  5522 | D:6      | Found a sparkling altar of Nemelex Xobeh.
  5570 | D:6      | Slain by an ogre

Illustrated notes

Levels and vault maps discovered:
D:1:      wander_arrival_peaceful_grave, layout_rooms,
          ebering_ecumenical_altar_sacrificial
D:2:      layout_basic, grunt_ministairs_1
D:3:      minmay_bubble_buster, layout_basic, nicolae_wormholes, uniq_jessica
D:4:      layout_basic, general_overflow_altar, fountainhead,
          kennysheep_nondescript
D:5:      layout_loops_corners, serial_glass, glass_columns_a, glass_columns_b,
          lightli_corner_chamber, uniq_eustachio
D:6:      cheibrodos_steamvent, layout_layer_cave, nemelex_dance_club_becter,
          serial_glass, glass_columns_a, glass_columns_a, item_on_display_a,
          hangedman_decor_slide_cut, kb_lookout_dungeons_type

Skill      XL: |  1  2  3  4  5  6  7  8 |
---------------+-------------------------+-----
Ranged Weapons | 6 7 8 9 10 | 10.1
Armour         | 1 2 |  2.4
Invocations    | 1 2 3 4 |  4.5
Fighting       | 3 4 |  4.7
Dodging        | 3 |  3.7
Long Blades    | 1 |  1.0
Short Blades   | 2 |  2.0
Stealth        | |  1.9
Evocations     | |  0.1

Action                   |  1- 3 |  4- 6 |  7- 9 || total
-------------------------+-------+-------+-------++-------
Melee: Falchion          |       |       |     2 ||     2
 Fire: Shortbow          |    63 |   164 |   103 ||   330
Invok: Draw Destruction  |       |     3 |     5 ||     8
       Draw Summoning    |       |       |     1 ||     1
       Draw Escape       |       |       |     1 ||     1
Evoke: Wand              |       |     2 |     1 ||     3
  Use: Scroll            |       |     2 |     5 ||     7
       Potion            |       |       |     1 ||     1
Armor: Ring mail         |     4 |    33 |    51 ||    88
Dodge: Dodged            |    18 |    77 |    69 ||   164
